[Event "WYCC 2018 G16"]
[Site "Halkidiki"]
[Date "2018.10.27"]
[Round "8"]
[White "Pecorini, Angie"]
[Black "Booysen, Tineke"]
[Result "1/2-1/2"]
[ECO "D31"]
[WhiteElo "1847"]
[BlackElo "1173"]
[Annotator "NA"]
[PlyCount "110"]
[EventDate "2018.10.20"]
[EventType "swiss"]
[EventCountry "GRE"]
[SourceTitle "playchess.com"]
[Source "ChessBase"]
[SourceQuality "1"]
[TimeControl "40/5400+30:1800+30"]

1. d4 d5 2. c4 e6 3. Nc3 c6 4. cxd5 exd5 5. Nf3 Nf6 6. Bg5 Bf5 7. e3 Be7 8. Bd3 Bxd3 9. Qxd3 O-O 10. Bxf6 Bxf6 11. b4 Nd7 12. O-O Be7 13. b5 Nf6 14. Rfc1 Rc8 15. bxc6 bxc6 16. Na4 Ne4 17. Nd2 f5 18. f3 Nxd2 19. Qxd2 Re8 20. Nc5 Bxc5 21. Rxc5 Qg5 22. Re1 Re6 23. Qc1 Qh6 24. Rxd5 Rce8 25. Re5 Rxe5 26. dxe5 Rxe5 27. f4 Re8 28. Qa3 Qh4 29. Qc3 Re6 30. g3 Qe7 31. Qb3 Kf8 32. Qd3 Qf7 33. Rb1 Re8 34. Rb2 Qe6 35. Kf2 Qd5 36. Qa3+ Kg8 37. Qb3 Qxb3 38. Rxb3 Re7 39. Rc3 Rc7 40. h3 Kf7 41. g4 fxg4 42. hxg4 c5 43. Kf3 g6 44. Ke4 Ke6 45. Rc1 Rc6 46. f5+ gxf5+ 47. gxf5+ Kf6 48. Rh1 Kg7 49. Kd5 Rc8 50. e4 c4 51. Ke6 Re8+ 52. Kd5 Rc8 53. Ke6 Re8+ 54. Kd5 Rc8 55. Ke6 Re8+ 1/2-1/2

[Event "WYCC 2018 G16"]
[Site "Halkidiki"]
[Date "2018.10.27"]
[Round "8"]
[White "Puppi Lazo, Stephanie Beatriz"]
[Black "Bogdanic, Katarina"]
[Result "1-0"]
[ECO "B40"]
[WhiteElo "1847"]
[BlackElo "2014"]
[Annotator "NA"]
[PlyCount "77"]
[EventDate "2018.10.20"]
[EventType "swiss"]
[EventCountry "GRE"]
[SourceTitle "playchess.com"]
[Source "ChessBase"]
[SourceQuality "1"]
[TimeControl "40/5400+30:1800+30"]

1. e4 c5 2. Nf3 e6 3. Nc3 a6 4. Be2 b5 5. d4 cxd4 6. Nxd4 Bb7 7. f3 Qc7 8. Be3 Nf6 9. Qd2 Nc6 10. O-O Be7 11. Rad1 O-O 12. Kh1 Rac8 13. Nxc6 Bxc6 14. Bd3 d5 15. exd5 Nxd5 16. Nxd5 Bxd5 17. a3 Rfd8 18. Qf2 Qc6 19. Rfe1 Bf6 20. Bc1 Qc5 21. Qg3 Bc4 22. Be4 Bd4 23. Qh3 f5 24. Bd3 Bxd3 25. cxd3 Qc2 26. Bg5 Re8 27. Rd2 Qc1 28. Qg3 Bxb2 29. Rde2 Qc3 30. Qf2 Bxa3 31. Rxe6 Rxe6 32. Rxe6 Qxd3 33. Rxa6 Bc1 34. f4 Be3 35. Qa2+ Kf8 36. Be7+ Ke8 37. Qg8+ Kxe7 38. Re6+ Kd7 39. Qf7+ 1-0

[Event "WYCC 2018 G16"]
[Site "Halkidiki"]
[Date "2018.10.27"]
[Round "8"]
[White "Zhang, Cindy"]
[Black "Aubert, Estee"]
[Result "1-0"]
[ECO "D02"]
[WhiteElo "1790"]
[BlackElo "2064"]
[Annotator "NA"]
[PlyCount "77"]
[EventDate "2018.10.20"]
[EventType "swiss"]
[EventCountry "GRE"]
[SourceTitle "playchess.com"]
[Source "ChessBase"]
[SourceQuality "1"]
[TimeControl "40/5400+30:1800+30"]

1. d4 Nf6 2. Nf3 d5 3. Bf4 c5 4. e3 Nc6 5. Nbd2 cxd4 6. exd4 Bf5 7. c3 e6 8. Be2 Bd6 9. Bg3 h6 10. O-O Bxg3 11. hxg3 O-O 12. Re1 Rb8 13. a4 a6 14. Nb3 b5 15. Nc5 bxa4 16. Qxa4 Qd6 17. b4 Ne4 18. Rec1 Nxc5 19. dxc5 Qc7 20. Qxa6 e5 21. b5 Ne7 22. Qa3 Rfc8 23. c6 Be6 24. Qc5 Nf5 25. Ra7 Qd6 26. Qa3 Qxa3 27. Rxa3 Nd6 28. Ra5 f6 29. Nd2 Rb6 30. Rca1 Rcb8 31. Ra8 Kh7 32. c4 dxc4 33. Nxc4 Bxc4 34. Bxc4 Nxc4 35. c7 Rxa8 36. Rxa8 Nd6 37. Rb8 Nc8 38. Rxc8 Rxb5 39. Rb8 1-0

[Event "WYCC 2018 G16"]
[Site "Halkidiki"]
[Date "2018.10.27"]
[Round "8"]
[White "Leonova, Ameliya"]
[Black "Kobald, Jacqueline"]
[Result "1-0"]
[ECO "B44"]
[WhiteElo "1736"]
[BlackElo "1911"]
[Annotator "NA"]
[PlyCount "115"]
[EventDate "2018.10.20"]
[EventType "swiss"]
[EventCountry "GRE"]
[SourceTitle "playchess.com"]
[Source "ChessBase"]
[SourceQuality "1"]
[TimeControl "40/5400+30:1800+30"]

1. e4 c5 2. Nf3 e6 3. d4 cxd4 4. Nxd4 Nc6 5. Nb5 d6 6. c4 Nf6 7. N1c3 a6 8. Na3 Be7 9. Be2 O-O 10. O-O b6 11. Be3 Bb7 12. f3 Qc7 13. Na4 Nd7 14. Qd2 Rfe8 15. Rac1 Rad8 16. Nc3 Nf6 17. Nd5 exd5 18. cxd5 Ra8 19. dxc6 Bxc6 20. Nc2 Qb7 21. Nb4 Rec8 22. Nxc6 Rxc6 23. Rxc6 Qxc6 24. Rc1 Qb7 25. Qc2 Kf8 26. a4 b5 27. axb5 axb5 28. Qc6 Qxc6 29. Rxc6 b4 30. Rc4 d5 31. exd5 Nxd5 32. Bc5 Bxc5+ 33. Rxc5 Rd8 34. Kf2 Nf4 35. Rc4 Nxe2 36. Kxe2 Rb8 37. Kd3 Ke7 38. Kc2 Ke6 39. Kb3 Rd8 40. Re4+ Kf5 41. Rg4 g6 42. Kxb4 Rd2 43. b3 h5 44. Rg3 h4 45. Rg4 h3 46. gxh3 Rxh2 47. Rc4 Rxh3 48. f4 Rh4 49. Kc5 g5 50. fxg5 Rxc4+ 51. Kxc4 Kxg5 52. b4 Kf5 53. Kd5 Kg4 54. b5 f5 55. b6 f4 56. b7 f3 57. b8=Q Kh3 58. Qf4 1-0

[Event "WYCC 2018 G16"]
[Site "Halkidiki"]
[Date "2018.10.27"]
[Round "8"]
[White "Sanabria Taskila, Jenny Maria"]
[Black "Serikbay, Assel"]
[Result "0-1"]
[ECO "B41"]
[WhiteElo "1728"]
[BlackElo "2166"]
[Annotator "NA"]
[PlyCount "82"]
[EventDate "2018.10.20"]
[EventType "swiss"]
[EventCountry "GRE"]
[SourceTitle "playchess.com"]
[Source "ChessBase"]
[SourceQuality "1"]
[TimeControl "40/5400+30:1800+30"]

1. e4 c5 2. Nf3 e6 3. d4 cxd4 4. Nxd4 a6 5. c4 Nf6 6. Nc3 Qc7 7. Be2 b6 8. O-O Bb7 9. Qd3 d6 10. f4 Nbd7 11. b4 Rc8 12. Be3 Be7 13. Rac1 O-O 14. a3 Qb8 15. g4 Rfd8 16. g5 Ne8 17. Bg4 Nc7 18. Qe2 Bf8 19. f5 Re8 20. Rf3 Ne5 21. Rh3 g6 22. Bf4 Nxg4 23. Qxg4 Bg7 24. Nce2 exf5 25. exf5 Ba8 26. f6 Bf8 27. Nf5 h5 28. gxh6 Kh7 29. Ne3 Qb7 30. Qd7 Ne6 31. Qxb7 Bxb7 32. Ng4 Nxf4 33. Nxf4 Re4 34. Rf1 Rcxc4 35. Rhf3 g5 36. Ne3 Rxf4 37. Nxc4 Bxf3 38. Nxb6 Bxh6 39. Nd7 g4 40. Re1 Rd4 41. Re7 Kg6 0-1

[Event "WYCC 2018 G16"]
[Site "Halkidiki"]
[Date "2018.10.27"]
[Round "8"]
[White "Plaza Reino, Mercedes"]
[Black "Grigorieva, Yulia"]
[Result "0-1"]
[ECO "E70"]
[WhiteElo "1727"]
[BlackElo "2112"]
[Annotator "NA"]
[PlyCount "72"]
[EventDate "2018.10.20"]
[EventType "swiss"]
[EventCountry "GRE"]
[SourceTitle "playchess.com"]
[Source "ChessBase"]
[SourceQuality "1"]
[TimeControl "40/5400+30:1800+30"]

1. d4 Nf6 2. c4 g6 3. Nc3 Bg7 4. e4 d6 5. Bg5 O-O 6. f4 c5 7. d5 Na6 8. Qd2 Nc7 9. Nf3 Bg4 10. Be2 a6 11. h3 Bxf3 12. Bxf3 b5 13. O-O Nd7 14. e5 f6 15. exd6 exd6 16. Bh4 bxc4 17. Rac1 Nb6 18. Rfe1 Re8 19. Rxe8+ Qxe8 20. Ne4 Qf8 21. Re1 Re8 22. Bg3 f5 23. Ng5 Bd4+ 24. Kh2 Rxe1 25. Bxe1 Qe7 26. Bf2 Bxf2 27. Qxf2 h6 28. Ne6 Ncxd5 29. Qe2 Kf7 30. Bxd5 Nxd5 31. Nd4 cxd4 32. Qxc4 Qe4 33. Qxa6 d3 34. Qa7+ Ne7 35. Qc7 Qxf4+ 36. Kh1 d2 0-1

[Event "WYCC 2018 G16"]
[Site "Halkidiki"]
[Date "2018.10.27"]
[Round "8"]
[White "Golsta, Ramona"]
[Black "Skaslien, Ingrid"]
[Result "1-0"]
[ECO "A46"]
[WhiteElo "1681"]
[BlackElo "1885"]
[Annotator "NA"]
[PlyCount "109"]
[EventDate "2018.10.20"]
[EventType "swiss"]
[EventCountry "GRE"]
[SourceTitle "playchess.com"]
[Source "ChessBase"]
[SourceQuality "1"]
[TimeControl "40/5400+30:1800+30"]

1. d4 Nf6 2. Nf3 e6 3. Bf4 b6 4. e3 Bb7 5. Bd3 d6 6. O-O Be7 7. h3 O-O 8. Nbd2 c5 9. c3 Nd5 10. Bg3 f5 11. e4 fxe4 12. Bxe4 Nc6 13. Re1 Qd7 14. Qe2 Rae8 15. Rad1 cxd4 16. Nxd4 Nxd4 17. cxd4 Bg5 18. Nc4 Bf4 19. Qf3 Rc8 20. b3 Rce8 21. Qd3 g6 22. Bf3 Nb4 23. Qe2 Bxg3 24. fxg3 Ba6 25. Bg4 d5 26. Bxe6+ Rxe6 27. Qxe6+ Qxe6 28. Rxe6 dxc4 29. bxc4 Bxc4 30. Re7 Rf7 31. Rxf7 Kxf7 32. a3 Nd3 33. Rf1+ Ke7 34. Rf3 b5 35. Re3+ Kd7 36. Kf1 b4 37. axb4 Nxb4+ 38. Kf2 Bd5 39. Ra3 Nc6 40. g4 Kc7 41. g3 Kd6 42. Ke3 Bg2 43. h4 h5 44. Kf4 hxg4 45. Kxg4 Kd5 46. Ra2 Be4 47. Kf4 Kxd4 48. Ra4+ Kd5 49. Rxe4 a5 50. Ra4 Kc5 51. Kg5 Kb5 52. Ra1 Kb4 53. Kxg6 Kb3 54. h5 Kb2 55. Rf1 1-0

[Event "WYCC 2018 G16"]
[Site "Halkidiki"]
[Date "2018.10.27"]
[Round "8"]
[White "Simkunaite, Gabija"]
[Black "Moerwald, Magdalena"]
[Result "1/2-1/2"]
[ECO "B13"]
[WhiteElo "1650"]
[BlackElo "1875"]
[Annotator "NA"]
[PlyCount "63"]
[EventDate "2018.10.20"]
[EventType "swiss"]
[EventCountry "GRE"]
[SourceTitle "playchess.com"]
[Source "ChessBase"]
[SourceQuality "1"]
[TimeControl "40/5400+30:1800+30"]

1. e4 c6 2. d4 d5 3. exd5 cxd5 4. c4 Nf6 5. Nc3 Nc6 6. Bg5 Qa5 7. Bxf6 exf6 8. cxd5 Bb4 9. Qe2+ Be6 10. O-O-O Bxc3 11. dxc6 bxc6 12. Qa6 O-O 13. Qxa5 Bxa5 14. b3 Rfd8 15. Bd3 Rac8 16. Ne2 g6 17. Bc4 Bb4 18. Bxe6 fxe6 19. Kb2 Ba5 20. a3 Kf7 21. b4 Bb6 22. Kc3 Rd6 23. Rd3 Rcd8 24. Rhd1 e5 25. dxe5 Rxd3+ 26. Rxd3 Rxd3+ 27. Kxd3 fxe5 28. Ke4 Ke6 29. f4 exf4 30. Nxf4+ Kf6 31. Nd3 Ke6 32. Nf4+ 1/2-1/2

[Event "WYCC 2018 G16"]
[Site "Halkidiki"]
[Date "2018.10.27"]
[Round "8"]
[White "Ortega Beltran, Ximena"]
[Black "Sosa Suarez, Carla Cristina"]
[Result "0-1"]
[ECO "A25"]
[WhiteElo "1628"]
[BlackElo "2025"]
[Annotator "NA"]
[PlyCount "100"]
[EventDate "2018.10.20"]
[EventType "swiss"]
[EventCountry "GRE"]
[SourceTitle "playchess.com"]
[Source "ChessBase"]
[SourceQuality "1"]
[TimeControl "40/5400+30:1800+30"]

1. c4 e5 2. g3 Nc6 3. Bg2 g6 4. Nc3 Bg7 5. Nf3 d6 6. a3 f5 7. e4 Nf6 8. exf5 Bxf5 9. O-O O-O 10. d3 Qd7 11. Qb3 Bxd3 12. c5+ Kh8 13. Rd1 e4 14. Ne1 Nd4 15. Qa4 Ne2+ 16. Kh1 Nxc3 17. Qxd7 Nxd7 18. bxc3 Bxc3 19. Ra2 Nxc5 20. Nxd3 Nxd3 21. Be3 d5 22. Rc2 Be5 23. Bf1 d4 24. Bxd3 exd3 25. Rc5 dxe3 26. Rxe5 exf2 27. Kg2 Rad8 28. Kf1 d2 29. Re2 Rf7 30. Rdxd2 Rxd2 31. Rxd2 Kg7 32. a4 a5 33. Rd5 b6 34. Rb5 Rf5 35. Rb2 Kf6 36. Re2 Re5 37. Rxf2+ Rf5 38. Rxf5+ Kxf5 39. Ke2 Ke4 40. Kd2 Kd4 41. Kc2 Kc4 42. Kb2 Kb4 43. Kb1 Kxa4 44. Ka2 c5 45. h4 c4 46. g4 c3 47. h5 b5 48. hxg6 hxg6 49. g5 b4 50. Kb1 b3 0-1

[Event "WYCC 2018 G16"]
[Site "Halkidiki"]
[Date "2018.10.27"]
[Round "8"]
[White "Cotun, Mihaela"]
[Black "Hoesley, Aria"]
[Result "0-1"]
[ECO "B22"]
[WhiteElo "1482"]
[BlackElo "1831"]
[Annotator "NA"]
[PlyCount "106"]
[EventDate "2018.10.20"]
[EventType "swiss"]
[EventCountry "GRE"]
[SourceTitle "playchess.com"]
[Source "ChessBase"]
[SourceQuality "1"]
[TimeControl "40/5400+30:1800+30"]

1. e4 c5 2. c3 d5 3. exd5 Qxd5 4. d4 Nf6 5. Nf3 Bg4 6. Be2 e6 7. O-O Nc6 8. Be3 cxd4 9. Nxd4 Bxe2 10. Qxe2 Nxd4 11. Bxd4 Be7 12. Nd2 O-O 13. Nf3 Rfd8 14. Rfe1 b6 15. c4 Qf5 16. a3 Rac8 17. Rad1 h6 18. h3 Bc5 19. Bxc5 Qxc5 20. Ne5 Qc7 21. b3 Rd6 22. Nd3 Rcd8 23. Nb2 Rd4 24. Qc2 R8d7 25. Rxd4 Rxd4 26. Rd1 Qd6 27. a4 a5 28. Rxd4 Qxd4 29. Nd1 Ne4 30. Ne3 f5 31. Nf1 g6 32. Qa2 Kf7 33. Qc2 g5 34. Qa2 Qd3 35. Qb2 Qc3 36. Qxc3 Nxc3 37. f3 Ne2+ 38. Kf2 Nd4 39. Nd2 f4 40. g3 e5 41. g4 Ke6 42. Ke1 Kd7 43. Kd1 Kc6 44. Kc1 Kc5 45. Kb1 Ne6 46. Kb2 Kd4 47. Kc2 Ke3 48. Kc3 Nc5 49. Kc2 e4 50. fxe4 Nxe4 51. Nxe4 Kxe4 52. Kd2 Kd4 53. Ke2 {[%emt 0:01:07] Kd5} Kc3 0-1

[Event "WYCC 2018 G16"]
[Site "Halkidiki"]
[Date "2018.10.28"]
[Round "9"]
[White "Muetsch, Annmarie"]
[Black "Solozhenkina, Elizaveta"]
[Result "1/2-1/2"]
[ECO "C03"]
[WhiteElo "2206"]
[BlackElo "2276"]
[Annotator "NA"]
[PlyCount "61"]
[EventDate "2018.10.20"]
[EventType "swiss"]
[EventCountry "GRE"]
[SourceTitle "playchess.com"]
[Source "ChessBase"]
[SourceQuality "1"]
[TimeControl "40/5400+30:1800+30"]

1. e4 e6 2. d4 d5 3. Nd2 Be7 4. Ngf3 Nf6 5. e5 Nfd7 6. Bd3 c5 7. c3 Nc6 8. Qe2 Qb6 9. Qe3 g5 10. h3 h5 11. Nf1 $15 ({White should try} 11. Kf1 $11) 11... Rg8 12. g4 h4 13. N1h2 Nf8 14. O-O cxd4 15. Nxd4 Bd7 16. Nhf3 Ng6 17. Re1 Nf4 18. Bf1 O-O-O 19. b4 f6 20. Nxc6 Bxc6 21. Qxb6 axb6 22. Be3 fxe5 23. Nxe5 d4 24. Bxd4 Bxb4 25. Bxb6 Bxc3 26. Nxc6 bxc6 27. Ba6+ Kb8 28. Rab1 Bxe1 29. Bc5+ Ka8 30. Bb7+ Kb8 31. Ba6+ 1/2-1/2

[Event "WYCC 2018 G16"]
[Site "Halkidiki"]
[Date "2018.10.28"]
[Round "9"]
[White "Beydullayeva, Govhar"]
[Black "Maltsevskaya, Aleksandra"]
[Result "1/2-1/2"]
[ECO "A06"]
[WhiteElo "2202"]
[BlackElo "2290"]
[Annotator "NA"]
[PlyCount "93"]
[EventDate "2018.10.20"]
[EventType "swiss"]
[EventCountry "GRE"]
[SourceTitle "playchess.com"]
[Source "ChessBase"]
[SourceQuality "1"]
[TimeControl "40/5400+30:1800+30"]

1. Nf3 d5 2. g3 c6 3. Bg2 Bg4 4. c4 e6 5. cxd5 Bxf3 6. Bxf3 cxd5 7. O-O Nf6 8. b3 Nc6 9. Bb2 Be7 10. d3 O-O 11. Nd2 Rc8 12. a3 Nd7 13. e3 Nc5 $11 14. Be2 Bf6 15. Bxf6 Qxf6 16. d4 Ne4 17. Nxe4 dxe4 18. Qb1 Qg6 19. b4 Ne7 20. Rc1 h5 21. Qb2 Rxc1+ 22. Rxc1 Nd5 23. Rc5 b6 24. Rc6 h4 25. Qc1 Qg5 26. Qc2 Qf5 27. Rc8 Rxc8 28. Qxc8+ Kh7 29. Bd1 Nf6 30. Qc7 Qd5 31. Qc2 a5 32. Be2 axb4 33. axb4 Qd6 34. b5 g6 35. gxh4 Kg7 36. Kg2 Qb4 37. Kf1 Qd6 38. Kg2 Qb4 39. Kf1 Qd6 40. Kg1 Qb4 41. Qc7 Qb1+ 42. Kg2 Nd5 43. Qe5+ Kg8 44. Qb8+ Kg7 45. Qe5+ Kg8 46. Qb8+ Kg7 47. Qe5+ 1/2-1/2

[Event "WYCC 2018 G16"]
[Site "Halkidiki"]
[Date "2018.10.28"]
[Round "9"]
[White "Makhija, Aashna"]
[Black "Jarocka, Liwia"]
[Result "1/2-1/2"]
[ECO "B22"]
[WhiteElo "2197"]
[BlackElo "1990"]
[Annotator "NA"]
[PlyCount "124"]
[EventDate "2018.10.20"]
[EventType "swiss"]
[EventCountry "GRE"]
[SourceTitle "playchess.com"]
[Source "ChessBase"]
[SourceQuality "1"]
[TimeControl "40/5400+30:1800+30"]

1. e4 c5 2. c3 d5 3. exd5 Qxd5 4. d4 Nc6 5. Nf3 Bf5 6. Be3 Nf6 7. Na3 cxd4 8. Bc4 Qa5 9. Nxd4 Nxd4 10. Bxd4 e5 11. Bb5+ Bd7 12. Bxd7+ Nxd7 13. Nc4 Qc7 14. Qe2 O-O-O 15. Be3 Bc5 16. O-O f6 17. Rfd1 Kb8 18. Rd2 Nb6 19. Nxb6 Qxb6 20. Bxc5 Qxc5 21. Rad1 Qe7 22. Rd3 Kc7 23. h3 h6 24. Rxd8 Rxd8 25. Qc4+ Kb6 26. Qb3+ Kc7 27. Qc4+ Kb6 28. Rxd8 Qxd8 29. a4 Qd1+ 30. Kh2 Qd6 31. b4 a6 32. a5+ Ka7 33. Qe4 Qd2 34. Qf3 b6 35. Qg3 g5 36. Qf3 bxa5 37. Qxf6 axb4 38. Qe7+ Ka8 39. Qf8+ Ka7 40. Qc5+ Ka8 41. cxb4 Qf4+ 42. Kg1 h5 43. Qc8+ Ka7 44. Qc7+ Ka8 45. Qb6 Qc4 46. Qd8+ Kb7 47. Qe7+ Kc6 48. Qxe5 Qxb4 49. Qf6+ Kb7 50. Qf7+ Kb6 51. Qxh5 a5 52. Qg6+ Kb7 53. Qxg5 a4 54. Qd5+ Kb6 55. Qe6+ Kc5 56. Qe5+ Kc4 57. Qe4+ Kb3 58. Qb1+ Kc3 59. Qe1+ Kb3 60. Qb1+ Kc3 61. Qe1+ Kc4 62. Qe4+ {[%emt 0:00:09] Kd5} Kc3 1/2-1/2

[Event "WYCC 2018 G16"]
[Site "Halkidiki"]
[Date "2018.10.28"]
[Round "9"]
[White "Serikbay, Assel"]
[Black "Berdnyk, Mariia"]
[Result "0-1"]
[ECO "E63"]
[WhiteElo "2166"]
[BlackElo "2179"]
[Annotator "NA"]
[PlyCount "132"]
[EventDate "2018.10.20"]
[EventType "swiss"]
[EventCountry "GRE"]
[SourceTitle "playchess.com"]
[Source "ChessBase"]
[SourceQuality "1"]
[TimeControl "40/5400+30:1800+30"]

1. d4 Nf6 2. c4 g6 3. g3 Bg7 4. Bg2 O-O 5. Nf3 d6 6. O-O Nc6 7. Nc3 a6 8. d5 Na5 9. Qd3 c5 10. Nd2 Rb8 11. a4 Ng4 12. e4 e6 13. Qe2 exd5 14. Nxd5 Ne5 15. Rb1 Nec6 16. b4 Nxb4 17. Nxb4 cxb4 18. Rxb4 Nc6 19. Rb1 Qa5 20. Qd3 Be6 21. Qxd6 Rfd8 22. Qf4 Ne5 23. Nb3 Qxa4 24. Nc5 Qxc4 25. Ba3 Nd3 26. Nxd3 Qxd3 27. Be7 Re8 28. Rfd1 Qc2 29. Rdc1 Qa4 30. Bd6 Rbc8 31. Rxb7 Red8 32. Rxc8 Qd1+ 33. Bf1 Rxc8 34. e5 Rc1 35. Rb8+ Bc8 36. Rxc8+ Rxc8 37. Kg2 Qd5+ 38. Kh3 Qc6 39. Qg4 h5 40. Qe2 a5 41. Qa2 a4 42. Bd3 Qf3 43. Qb1 a3 44. Bxa3 Rc3 45. e6 fxe6 46. Bxg6 Rxa3 47. Qb8+ Bf8 48. Qe8 Qg4+ 49. Kg2 Ra7 50. h3 Qc4 51. Bxh5 Qd5+ 52. Bf3 Qd7 53. Qg6+ Bg7 54. Bg4 Ra6 55. h4 Qf7 56. Qe4 Rb6 57. h5 Qf6 58. f4 Kh8 59. Kh3 e5 60. Qa8+ Qf8 61. Qa5 Qb8 62. f5 e4 63. Bd1 Rb5 64. Qa4 Qe5 65. g4 Rb2 66. Bc2 Qc3+ 0-1

[Event "WYCC 2018 G16"]
[Site "Halkidiki"]
[Date "2018.10.28"]
[Round "9"]
[White "Peycheva, Gergana"]
[Black "Esadze, Tamari"]
[Result "1/2-1/2"]
[ECO "E12"]
[WhiteElo "2152"]
[BlackElo "1911"]
[Annotator "NA"]
[PlyCount "132"]
[EventDate "2018.10.20"]
[EventType "swiss"]
[EventCountry "GRE"]
[SourceTitle "playchess.com"]
[Source "ChessBase"]
[SourceQuality "1"]
[TimeControl "40/5400+30:1800+30"]

1. d4 Nf6 2. c4 e6 3. Nf3 b6 4. a3 Bb7 5. Nc3 d5 6. cxd5 Nxd5 7. e3 Nxc3 8. bxc3 Be7 9. Bb5+ c6 10. Bd3 O-O 11. O-O c5 12. e4 Qc7 13. Qe2 Nc6 14. Rd1 Na5 15. Be3 Rfd8 16. a4 Rac8 17. h4 cxd4 18. cxd4 Qd6 19. h5 h6 20. Bb1 Qb4 21. Bd2 Qb2 22. Ra2 Qb3 23. Bxa5 bxa5 24. Bd3 Qc3 25. Bb5 Bb4 26. Rad2 Qc7 27. Ra2 Qf4 28. Bd3 Rc3 29. Rc2 Rxd3 30. Rxd3 Bxe4 31. Rd1 Bxc2 32. Qxc2 Qd6 33. Rc1 Ba3 34. Ra1 Rb8 35. Qd3 Bb4 36. Rc1 Qd5 37. Ne5 Bd6 38. Nc6 Re8 39. Qb5 a6 40. Qxa6 Qxh5 41. g3 Qg5 42. Rc3 h5 43. Nxa5 Qd2 44. Rd3 Qe1+ 45. Kg2 Qe4+ 46. Rf3 Qxd4 47. Qb5 Rf8 48. Nb3 Qe4 49. Nd2 Qb4 50. Nc4 Qxb5 51. axb5 Bc5 52. b6 Rb8 53. Rb3 Rb7 54. Rb5 Bd4 55. Rxh5 e5 56. Rh1 f6 57. Kf3 g6 58. Ke2 Kg7 59. Rb1 Kf8 60. f3 Ke7 61. Rh1 Ke6 62. Rb1 Kd5 63. Kd3 f5 64. Rb5+ Kc6 65. Rb1 Kd5 66. Rb5+ Kc6 {[%emt 0:00:03] Ke4} 1/2-1/2

[Event "WYCC 2018 G16"]
[Site "Halkidiki"]
[Date "2018.10.28"]
[Round "9"]
[White "Cervantes Landeiro, Thalia"]
[Black "Aciu, Malina-Andreea"]
[Result "1/2-1/2"]
[ECO "E77"]
[WhiteElo "2129"]
[BlackElo "1976"]
[Annotator "NA"]
[PlyCount "118"]
[EventDate "2018.10.20"]
[EventType "swiss"]
[EventCountry "GRE"]
[SourceTitle "playchess.com"]
[Source "ChessBase"]
[SourceQuality "1"]
[TimeControl "40/5400+30:1800+30"]

1. d4 Nf6 2. c4 g6 3. Nc3 Bg7 4. e4 d6 5. f4 c5 6. d5 O-O 7. Nf3 e6 8. dxe6 fxe6 9. Bd3 Nc6 10. O-O Nd4 11. Kh1 Nh5 12. f5 exf5 13. Bg5 Qe8 14. exf5 Bxf5 15. Nxd4 cxd4 16. Nd5 Bxd3 17. Rxf8+ Bxf8 18. Qxd3 Qe5 19. g4 Ng3+ 20. hxg3 Qxg5 21. Qxd4 Bg7 22. Qf4 Qe5 23. Qxe5 Bxe5 24. Kg2 Kg7 25. Rd1 Rc8 26. b3 Rc5 27. Nf4 Ra5 28. a4 Ra6 29. Ne6+ Kf6 30. Nc7 Rc6 31. Nd5+ Kg7 32. Rd3 Rc8 33. Nf4 Re8 34. c5 dxc5 35. Rd7+ Kg8 36. Rxb7 Rb8 37. Rxa7 Rxb3 38. Ra8+ Kf7 39. a5 Ra3 40. a6 c4 41. Ne2 c3 42. a7 c2 43. Rc8 Rxa7 44. Rxc2 Ra3 45. Rc5 Bd6 46. Rb5 Ra2 47. Kf3 Ra3+ 48. Kf2 Ra4 49. g5 Rb4 50. Ra5 Rc4 51. Ra7+ Rc7 52. Ra5 Rc5 53. Ra7+ Rc7 54. Rxc7+ Bxc7 55. Kf3 Be5 56. Kg4 Kg7 57. Ng1 h6 58. Nf3 Bxg3 59. gxh6+ Kxh6 1/2-1/2

[Event "WYCC 2018 G16"]
[Site "Halkidiki"]
[Date "2018.10.28"]
[Round "9"]
[White "Schulze, Lara"]
[Black "Yurasova, Daria"]
[Result "1-0"]
[ECO "B07"]
[WhiteElo "2122"]
[BlackElo "2193"]
[Annotator "NA"]
[PlyCount "73"]
[EventDate "2018.10.20"]
[EventType "swiss"]
[EventCountry "GRE"]
[SourceTitle "playchess.com"]
[Source "ChessBase"]
[SourceQuality "1"]
[TimeControl "40/5400+30:1800+30"]

1. e4 d6 2. d4 Nf6 3. Nc3 Nbd7 4. g4 h6 5. h3 e5 6. Bg2 Be7 7. Nge2 O-O 8. Be3 c6 9. O-O b5 10. a3 Nb6 11. Ng3 exd4 12. Bxd4 c5 13. Be3 $14 Rb8 14. b3 Ba6 15. Re1 Nfd7 16. Rb1 Ne5 17. Nf5 Re8 18. Bf1 c4 19. Nxe7+ Qxe7 20. f4 Ng6 21. Qf3 Qc7 22. Bd4 Nf8 23. Nd5 Nxd5 24. exd5 Nd7 25. b4 Nb6 26. Bg2 Bb7 27. Qc3 Na4 28. Qg3 a5 29. g5 h5 30. g6 axb4 31. axb4 Rbd8 32. Bf3 h4 33. Qxh4 fxg6 34. Qg5 Qf7 35. Be4 Rf8 36. Bxg6 Qxf4 37. Bh7+ 1-0

[Event "WYCC 2018 G16"]
[Site "Halkidiki"]
[Date "2018.10.28"]
[Round "9"]
[White "Grigorieva, Yulia"]
[Black "Xing, Ashley"]
[Result "0-1"]
[ECO "E46"]
[WhiteElo "2112"]
[BlackElo "1889"]
[Annotator "NA"]
[PlyCount "82"]
[EventDate "2018.10.20"]
[EventType "swiss"]
[EventCountry "GRE"]
[SourceTitle "playchess.com"]
[Source "ChessBase"]
[SourceQuality "1"]
[TimeControl "40/5400+30:1800+30"]

1. d4 Nf6 2. c4 e6 3. Nc3 Bb4 4. e3 O-O 5. Nge2 Re8 6. a3 Bf8 7. Ng3 d5 8. Be2 b6 9. cxd5 exd5 10. b4 Bb7 11. O-O Nbd7 12. Rb1 Ne4 13. Qc2 Ndf6 14. Bd2 Rc8 15. a4 Qd7 16. Rfc1 c6 17. Bd3 c5 18. Ncxe4 Nxe4 19. Nxe4 dxe4 20. Bb5 Bc6 21. bxc5 bxc5 22. dxc5 Re5 23. Bxc6 Qxc6 24. Bb4 h6 25. Qb2 Rh5 26. Rc4 Qxa4 27. Rxe4 a5 28. Qe2 Rhxc5 29. g3 axb4 30. Kg2 Qc2 31. Qxc2 Rxc2 32. Rd4 R2c3 33. Rd7 Rb8 34. Kf3 b3 35. Rdd1 Rc2 36. e4 b2 37. h4 Ba3 38. e5 Rc1 39. e6 fxe6 40. Kg4 Rxd1 41. Kh5 Rxb1 0-1

[Event "WYCC 2018 G16"]
[Site "Halkidiki"]
[Date "2018.10.28"]
[Round "9"]
[White "Bulatova, Kamaliya"]
[Black "Goltseva, Ekaterina"]
[Result "0-1"]
[ECO "A46"]
[WhiteElo "2108"]
[BlackElo "2169"]
[Annotator "NA"]
[PlyCount "130"]
[EventDate "2018.10.20"]
[EventType "swiss"]
[EventCountry "GRE"]
[SourceTitle "playchess.com"]
[Source "ChessBase"]
[SourceQuality "1"]
[TimeControl "40/5400+30:1800+30"]

1. d4 Nf6 2. Nf3 d5 3. g3 b5 4. Bg2 Bb7 5. O-O e6 6. b3 Nbd7 7. c4 bxc4 8. bxc4 dxc4 9. Qa4 Bd6 10. Qxc4 O-O 11. Nc3 c5 12. Rb1 Nb6 13. Qd3 cxd4 14. Qxd4 Qe7 15. Bg5 Rfd8 16. Ne4 Bxe4 17. Bxf6 Qxf6 18. Qxe4 Rac8 19. Qb7 Rc7 20. Qa6 Bc5 21. a4 h6 22. Ne1 Qd4 23. a5 Nc4 24. Nf3 Qd6 25. Qxd6 Rxd6 26. Rb8+ Kh7 27. Ra1 Ra6 28. Rb5 Bb6 29. Ne5 Rxa5 30. Rbxa5 Nxa5 31. Be4+ g6 32. Rd1 Nb3 33. h4 Kg7 34. Kg2 Nc5 35. Bf3 Kf6 36. Nc4 Ke7 37. Nxb6 axb6 38. Rb1 Nd7 39. e3 Rc5 40. Be2 Kd6 41. Bb5 Nf6 42. Rb2 Nd5 43. e4 Nc3 44. Rd2+ Ke7 45. Bd3 e5 46. Rb2 b5 47. Rb3 Kd6 48. Kf1 Kc6 49. Ke1 Kb6 50. Kd2 Na4 51. Bc2 Rc7 52. Bd3 Rc5 53. Bc2 Ka5 54. Ra3 f6 55. Rd3 Nb2 56. Rd8 Nc4+ 57. Ke2 Kb4 58. Bd3 Kc3 59. Rh8 b4 60. Rxh6 b3 61. Rxg6 Ra5 62. Bxc4 Kxc4 63. Rxf6 b2 64. Rc6+ Rc5 65. Rb6 Rb5 0-1

[Event "WYCC 2018 G16"]
[Site "Halkidiki"]
[Date "2018.10.28"]
[Round "9"]
[White "Salonika, Saina"]
[Black "De Silva, Tenara"]
[Result "1-0"]
[ECO "B09"]
[WhiteElo "2093"]
[BlackElo "1927"]
[Annotator "NA"]
[PlyCount "59"]
[EventDate "2018.10.20"]
[EventType "swiss"]
[EventCountry "GRE"]
[SourceTitle "playchess.com"]
[Source "ChessBase"]
[SourceQuality "1"]
[TimeControl "40/5400+30:1800+30"]

1. e4 d6 2. d4 g6 3. Nc3 Bg7 4. f4 Nf6 5. Bd3 O-O 6. Nf3 Nc6 7. e5 dxe5 8. fxe5 Nh5 9. Be3 Bg4 10. Be4 f6 11. Qe2 Kh8 12. O-O-O Qc8 13. Qb5 fxe5 14. dxe5 a6 15. Qc5 e6 16. Rhf1 Bxf3 17. Bxf3 Nxe5 18. Bxh5 Rxf1 19. Rxf1 gxh5 20. Ne4 b6 21. Qe7 Qb7 22. Ng5 Qxg2 23. Rd1 Rf8 24. Bd4 Rf1 25. Qd8+ Rf8 26. Bxe5 Qa8 27. Bxg7+ Kxg7 28. Nxe6+ Kh8 29. Qd4+ Kg8 30. Qg7# 1-0